 Dungeon Crawl Stone Soup version 0.29.1-4-g47bece8355 (webtiles) character file.

Game seed: 3000571945771461550

6176 retardedninja the Cleaver (level 10, -3/90 HPs)
             Began as a Hill Orc Fighter on Dec 1, 2022.
             Was an Initiate of Gozag.
             Slain by a two-headed ogre
             ... wielding a +0 giant club
              (19 damage)
             ... on level 10 of the Dungeon.
             The game lasted 00:15:09 (12796 turns).

retardedninja the Cleaver (Hill Orc Fighter)       Turns: 12796, Time: 00:15:09

Health: -3/90      AC: 14    Str: 23    XL:     10   Next: 91%
Magic:  0/19       EV: 10    Int:  8    God:    Gozag
Gold:   430        SH:  5    Dex:  9    Spells: 9/9 levels left

rFire   . . .      SeeInvis .   x - +8 war axe "Jellybane" {protect, Str+2}
rCold   . . .      Faith    .   c - +0 buckler
rNeg    . . .      Spirit   +   b - +0 scale mail
rPois   .          Reflect  .   u - +0 helmet
rElec   .          Harm     .   z - +1 cloak "Boal" {Fly MP+9 Int-4 Stlth+}
rCorr   .          Rampage  .   j - +1 pair of gloves
Will    .....                   (no boots)
Stlth   +.........              l - amulet of guardian spirit
HPRegen 0.25/turn               (no ring)
MPRegen 0.16/turn               (no ring)

@: flying
A: clever 1, weak 1
a: Renounce Religion, Potion Petition, Call Merchant, Bribe Branch


You were on level 10 of the Dungeon.
You worshipped Gozag.
Gozag was aware of your devotion.
You visited 2 branches of the dungeon, and saw 12 of its levels.

You collected 1249 gold pieces.
You spent 720 gold pieces at shops.
You paid 99 gold pieces to Gozag.

Inventory:

Hand Weapons
 a - a +0 war axe of venom
 x - the +8 war axe "Jellybane" (weapon) {protect, Str+2}
   (You bought it in a shop on level 5 of the Dungeon)

   It grants its wielder temporary protection when it strikes (+7 to AC).
   Str:       It affects your strength (+2).
Armour
 b - a +0 scale mail (worn)
 c - a +0 buckler (worn)
 j - a +1 pair of gloves (worn)
 u - a +0 helmet (worn)
 z - the +1 cloak "Boal" (worn) {Fly MP+9 Int-4 Stlth+}
   (You found it on level 5 of the Dungeon)

   Int:       It affects your intelligence (-4).
   MP:        It affects your magic capacity (+9).
   Fly:       It grants you flight.
   Stlth:     It makes you more stealthy.
Jewellery
 l - an amulet of guardian spirit (around neck)
Wands
 f - a wand of flame (41)
 h - a wand of quicksilver (17)
 i - a wand of roots (14)
 t - a wand of polymorph (8)
Scrolls
 m - a scroll of fog {unknown}
 o - 2 scrolls of silence {unknown}
 p - a scroll of identify
 q - 4 scrolls of teleportation
 r - 2 scrolls of magic mapping
 s - a scroll of enchant weapon {unknown}
 y - a scroll of vulnerability {unknown}
 A - a scroll of fear
Potions
 d - 2 potions of curing
 g - a potion of cancellation
 k - 6 potions of lignification
 n - a potion of magic
 v - 2 potions of heal wounds
 w - 2 potions of attraction
Miscellaneous
 B - a tin of tremorstones (2/2)


   Skills:
 + Level 8.7 Fighting
 + Level 14.2 Axes
 + Level 8.7 Armour
 + Level 3.2 Dodging
 + Level 2.2 Stealth
 + Level 5.8 Shields


You had 9 spell levels left.
You didn't know any spells.
Your spell library contained the following spells:

 Spells                   Type           Power      Damage    Failure   Level
 Apportation              Tloc           0%         N/A       77%         1
 Magic Dart               Conj           0%         1d3       77%         1
 Call Imp                 Summ           0%         N/A       88%         2
 Searing Ray              Conj           0%         2d4       88%         2
 Static Discharge         Conj/Air       0%         3-3/arc   88%         2
 Mephitic Cloud           Conj/Pois/Air  0%         N/A       98%         3
 Ozocubu's Armour         Ice            0%         N/A       98%         3
 Dispel Undead            Necr           0%         3d6       100%        4
 Fulminant Prism          Conj/Hex       0%         3d6       100%        4
 Olgreb's Toxic Radiance  Pois           0%         N/A       100%        4
 Sticky Flame             Conj/Fire      0%         2d3       100%        4
 Alistair's Intoxication  Tmut/Pois      0%         N/A       100%        5
 Fireball                 Conj/Fire      0%         3d3       100%        5
 Metabolic Englaciation   Hex/Ice        0%         N/A       100%        5
 Starburst                Conj/Fire      0%         6d3       100%        6
 Ozocubu's Refrigeration  Ice            0%         4d7       100%        7
 Ignition                 Fire           0%         3d3       100%        8
 Simulacrum               Ice/Necr       Unusable   N/A       N/A         6

Dungeon Overview and Level Annotations

Branches:
Dungeon (11/15)            Temple (1/1) D:5
   Lair: D:8-11         Orc: D:9-12

Altars:
Ashenzari
Cheibriados
Dithmenos
Elyvilon
Fedhas
Gozag
Hepliaklqana
Kikubaaqudgha
Nemelex Xobeh
Okawaru
Qazlal
Ru
Sif Muna
Trog
Uskayaw
Vehumet
Wu Jian
Xom
Yredelemnul
Zin
The Shining One

Shops:
D:1 =   D:5 (   D:7 [!


Innate Abilities, Weirdness & Mutations

Your mind is acute. (Int +4, Str/Dex -1)
You are weak. (Str -2)


Message History

As you read the scroll of blinking, it crumbles to dust.
There is a stone staircase leading down here.
A wight comes into view. It is wielding a +1 hand axe.
A wight comes into view. It is wielding a +0 long sword.
The wight barely misses you.
Blink to where?
Press: ? - help, Dir - move target
As you read the scroll of blinking, it crumbles to dust.
A wight comes into view. It is wielding a +3 battleaxe.
Blink to where?
Press: ? - help, Dir - move target
As you read the scroll of blinking, it crumbles to dust.
The hound completely misses you.
The hound pauses to sniff the ground.
The hound barely misses you.
The hound stops to sniff the ground.
The hound bites you but does no damage.
The two-headed ogre hits you with a +0 giant club.
The two-headed ogre hits you with a +0 giant spiked club!!
* * * LOW HITPOINT WARNING * * *
The hound bites you but does no damage. The hound attacks as you move away!
The hound bites you but does no damage. The hound attacks as you move away!
The hound barely misses you.
You feel much better. The hound bites you but does no damage.
You block the hound's attack. The hound bites you but does no damage.
The two-headed ogre hits you with a +0 giant club!!
* * * LOW HITPOINT WARNING * * *
The two-headed ogre hits you but does no damage.
The hound bites you but does no damage.
You feel much better. The hound bites you but does no damage.
You block the hound's attack.
The two-headed ogre attacks as you move away!
The two-headed ogre hits you with a +0 giant club!
* * * LOW HITPOINT WARNING * * *
The two-headed ogre hits you but does no damage.
The hound bites you but does no damage.
The two-headed ogre attacks as you move away!
The two-headed ogre hits you with a +0 giant club!!
You die...
Your body crumbles into a pile of gold.

............# #(.##...###.#
............# #...........#
............#####...........#
...$.....hO......>..........# ..
.~~...~...######.........(.##..
.~$~~...### ##..............#.
.§≈≈.~..#####..................
.O≈~~...##....#.#Oz.>............
.≈≈~............@hhz.......##..z.
.~≈.~~........<###.....z..## ....
..~~~≈.......### #........###....
..~~≈≈≈...... #..........§.....
..≈~≈≈~~..... ...#.....###...###
..~≈≈≈≈~........###......###..#
#... ......... ..# ...
.............. .#
.............###


You could see a two-headed ogre, 2 hounds and 3 wights.

Vanquished Creatures
  A two-headed ogre (D:9)
  An unseen horror (D:10)
  A troll (D:10)
  Grinder (D:5)
  Sigmund (D:5)
  3 wraiths
  5 steam dragons
  Duvessa (D:5)
  3 water moccasins
  2 ice beasts (D:7)
  An orc warrior (D:5)
  A sky beast (D:7)
  2 black bears
  A centaur (D:11)
  2 kobold brigands
  2 phantoms
  A bullfrog (D:9)
  Blork the orc (D:5)
  3 scorpions
  2 jellies
  8 wights
  Dowan (D:5)
  5 killer bees (D:8)
  8 howler monkeys
  A gnoll bouda (D:5)
  2 hounds
  9 orc priests
  Crazy Yiuf (D:5)
  7 iguanas
  8 orc wizards
  5 gnolls (D:5)
  7 adders
  A shadow imp (D:7)
  A white imp (D:6)
  3 worms
  2 dart slugs
  19 orcs
  5 ball pythons
  6 bats
  8 endoplasms
  6 giant cockroaches
  7 goblins
  5 hobgoblins
  15 kobolds
  3 quokkas
  2 frilled lizards
  6 rats (D:1)
186 creatures vanquished.

Vanquished Creatures (others)
  A wizard (D:9)
  2 kobolds (D:9)
  6 plants (D:1)
9 creatures vanquished.

Grand Total: 195 creatures vanquished

Notes
Turn   | Place    | Note
-------+----------+-------------------------------------------
     0 | D:1      | retardedninja the Hill Orc Fighter began the quest for the
                  | Orb.
     0 | D:1      | Reached XP level 1. HP: 19/19 MP: 1/1
   169 | D:1      | Reached XP level 2. HP: 15/27 MP: 2/2
   322 | D:1      | Reached skill level 3 in Axes
   347 | D:1      | Found a faded altar of an unknown god.
   715 | D:1      | Found Naibrutiu's Jewellery Shoppe.
  1104 | D:2      | Reached XP level 3. HP: 33/33 MP: 3/3
  1169 | D:2      | Found a radiant altar of Vehumet.
  2073 | D:3      | Found an ancient bone altar of Kikubaaqudgha.
  2189 | D:3      | Reached skill level 4 in Axes
  2189 | D:3      | Reached XP level 4. HP: 40/40 MP: 4/4
  2395 | D:3      | Found a snail-covered altar of Cheibriados.
  3256 | D:4      | Reached XP level 5. HP: 9/46 MP: 5/5
  3622 | D:4      | Noticed a black bear
  3631 | D:4      | Killed a black bear
  3632 | D:4      | Reached skill level 5 in Axes
  3704 | D:4      | Reached XP level 6. HP: 53/53 MP: 6/6
  3748 | D:4      | Reached skill level 1 in Dodging
  3942 | D:4      | Reached skill level 5 in Armour
  4268 | D:4      | Reached XP level 7. HP: 48/60 MP: 7/7
  4269 | D:4      | Reached skill level 6 in Axes
  4770 | D:5      | Entered Level 5 of the Dungeon
  4779 | D:5      | Reached skill level 1 in Stealth
  4864 | D:5      | Found a staircase to the Ecumenical Temple.
  4873 | D:5      | Reached skill level 5 in Fighting
  4881 | D:5      | Reached skill level 7 in Axes
  5158 | Temple   | Entered the Ecumenical Temple
  5290 | D:5      | Noticed Grinder
  5299 | D:5      | Noticed Duvessa
  5304 | D:5      | Paralysed by Grinder for 4 turns
  5312 | D:5      | Gained mutation: You have a pair of small antennae on your
                  | head. [potion of mutation]
  5312 | D:5      | Gained mutation: You occasionally shout uncontrollably at
                  | your foes. [potion of mutation]
  5312 | D:5      | Gained mutation: You expend magic power (3 MP) to
                  | strengthen your wands. [potion of mutation]
  5321 | D:5      | Reached XP level 8. HP: 29/68 MP: 8/8
  5326 | D:5      | Killed Duvessa
  5327 | D:5      | Reached skill level 8 in Axes
  5333 | D:5      | Killed Grinder
  6192 | D:5      | Found a radiant altar of Vehumet.
  6240 | D:5      | Noticed Dowan
  6250 | D:5      | Killed Dowan
  6619 | D:5      | Found an opulent altar of Gozag.
  6619 | D:5      | Found a shimmering blue altar of Sif Muna.
  6669 | D:5      | Became a worshipper of Gozag Ym Sagoz the Greedy
  6715 | D:5      | Noticed Sigmund
  6724 | D:5      | Killed Sigmund
  6725 | D:5      | Reached skill level 9 in Axes
  6851 | D:5      | Noticed Blork the orc
  6872 | D:5      | Killed Blork the orc
  7398 | D:5      | Identified the +1 cloak "Boal" {Fly MP+9 Int-4 Stlth+}
  7432 | D:5      | Found Dumakhlu's Weapon Shoppe.
  7461 | D:5      | Found a runed translucent door.
  7462 | D:5      | Noticed Crazy Yiuf
  7705 | D:5      | Killed Crazy Yiuf
  7715 | D:5      | Lost mutation: You expend magic power (3 MP) to strengthen
                  | your wands. [potion of mutation]
  7715 | D:5      | Lost mutation: You occasionally shout uncontrollably at
                  | your foes. [potion of mutation]
  7715 | D:5      | Lost mutation: You have a pair of small antennae on your
                  | head. [potion of mutation]
  7715 | D:5      | Gained mutation: You occasionally lose the ability to drink
                  | potions when taking damage. [potion of mutation]
  7716 | D:5      | Lost mutation: You occasionally lose the ability to drink
                  | potions when taking damage. [potion of mutation]
  7716 | D:5      | Gained mutation: You are weak. (Str -2) [potion of
                  | mutation]
  7716 | D:5      | Gained mutation: Your mind is acute. (Int +4, Str/Dex -1)
                  | [potion of mutation]
  7821 | D:6      | Reached skill level 10 in Axes
  7824 | D:6      | Reached XP level 9. HP: 54/75 MP: 9/9
  8213 | D:6      | Found a blossoming altar of Fedhas.
  8655 | D:7      | Found a glowing golden altar of the Shining One.
  8666 | D:7      | Found a glowing silver altar of Zin.
  8750 | D:7      | Found Xyjas's Distillery.
  8834 | D:7      | Reached skill level 11 in Axes
  8878 | D:7      | Reached skill level 5 in Shields
  9101 | D:7      | Found Tibaid Kowa's Antique Armour Emporium.
  9336 | D:7      | Found a hazy altar of Hepliaklqana.
  9872 | D:8      | Found a hide-covered altar of Uskayaw.
 10076 | D:8      | Reached skill level 12 in Axes
 10252 | D:8      | Reached XP level 10. HP: 80/83 MP: 10/10
 11223 | D:5      | Bought the +8 war axe "Jellybane" {protect, Str+2} for 720
                  | gold pieces
 11259 | D:9      | Noticed a two-headed ogre
 11265 | D:9      | Killed a two-headed ogre
 11266 | D:9      | Reached skill level 13 in Axes
 11884 | D:9      | Found a bloodstained altar of Trog.
 11885 | D:9      | Noticed a wizard
 11890 | D:9      | Killed a wizard
 12097 | D:9      | You are sucked into a shaft and drop 2 floors!
 12374 | D:10     | Entered Level 10 of the Dungeon
 12416 | D:10     | Killed an unseen horror
 12438 | D:10     | Reached skill level 14 in Axes
 12753 | D:10     | Noticed a two-headed ogre
 12793 | D:10     | HP: 3/90 [two-headed ogre/+0 giant club (23)]
 12796 | D:10     | Slain by a two-headed ogre

Illustrated notes

Levels and vault maps discovered:
D:1:      shiori_arrival_elements, layout_loops_ring,
          shapermc_ecumenical_altar_mp_ritualfount, serial_shops,
          nicolae_shop_behind_doors, st_stairs_2, minmay_misc_feat_nine_boxes,
          corexii_hall_statues_l, minmay_pentomino_u4
D:2:      layout_basic, basic_altar
D:3:      layout_rooms, mainiacjoe_overflow_small_starburst, cheibriados_altar_1
D:4:      layout_gridville, minmay_fractal_squares_gapless_5
D:5:      layout_loops_ring, vehumet_altar_wand_db,
          chequers_temple_overflow_statue_of_worship,
          minmay_temple_entry_sparse_star, serial_shops,
          nicolae_shop_hallway_stairs, uniq_sigmund, uniq_grinder,
          uniq_crazy_yiuf_cottage, uniq_blork_the_orc, uniq_duvessa
D:6:      layout_rooms, mainiacjoe_overflow_tiny_flanked, minmay_misc_feat_doors
D:7:      layout_gridville, zin_scriptorium, kennysheep_mini,
          kennysheep_mini_moat, serial_shops, shop, nicolae_stop_n_shop_2
D:8:      layout_loops_cross, nicolae_uskayaw_murder_on_the_dancefloor
D:9:      layout_cave_pods, trog_wizard, grunt_ministairs_13
D:10:     layout_rooms, lemuel_doored_altar, erik_lair_island, serial_shops,
          nicolae_shop_statue_plus, shop, nicolae_shop_hallway_plus,
          nicolae_shop_hallway_stairs, minmay_between
D:11:     layout_gridville
Temple:   eino_wide_crystal_templ

Skill      XL: |  1  2  3  4  5  6  7  8  9 10 |
---------------+-------------------------------+-----
Axes           | 3 4 5 7 10 12 14 | 14.2
Fighting       | 4 5 6 7 8 |  8.7
Armour         | 4 5 6 7 8 |  8.7
Dodging        | 1 2 3 |  3.2
Shields        | 4 5 |  5.8
Stealth        | 1 2 |  2.2

Action                   |  1- 3 |  4- 6 |  7- 9 | 10-12 || total
-------------------------+-------+-------+-------+-------++-------
Melee: War axe           |    94 |    79 |   302 |   113 ||   588
  Use: Scroll            |       |     8 |     6 |     4 ||    18
       Potion            |       |     1 |    13 |     3 ||    17
 Stab: Distracted        |       |       |       |     1 ||     1
Armor: Scale mail        |    34 |    44 |   141 |   103 ||   322
Dodge: Dodged            |    53 |    46 |   132 |    59 ||   290
Block: Buckler           |    25 |    14 |    55 |    31 ||   125
